 Dungeon Crawl Stone Soup version 0.29.1-15-g9cfb28693d (webtiles) character file.

Game seed: 9111879506098837833

454 101zpm the Magician (level 7, -3/45 HPs)
             Began as a Djinni Fire Elementalist on Mar 15, 2023.
             Was a Follower of Makhleb.
             Slain by a phantom (5 damage)
             ... on level 6 of the Dungeon.
             The game lasted 00:18:05 (5144 turns).

101zpm the Magician (Djinni Fire Elementalist)      Turns: 5144, Time: 00:18:07

Health: -3/45      AC:  2    Str:  7    XL:     7   Next: 26%
Gold:   212        EV: 12    Int: 19    God:    Makhleb [*.....] SH:  0 Dex: 13

rFire   + + .      SeeInvis .   (no weapon)
rCold   x . .      Faith    .   (no shield)
rNeg    . . .      Spirit   .   a - +0 robe
rPois   ∞          Reflect  .   (no helmet)
rElec   .          Harm     .   (no cloak)
rCorr   .          Rampage  .   (no gloves)
Will    .....                   (boots unavailable)
Stlth   ++........              (no amulet)
HPRegen 0.15/turn               h - +4 ring of slaying
MPRegen 0.00/turn               (no ring)

@: flying
A: sickness immunity, fire resistance 2, cold vulnerability 1, float, innate
caster, HP casting, extra vitality 1
a: Renounce Religion


You were on level 6 of the Dungeon.
You worshipped Makhleb.
Makhleb was aware of your devotion.
You visited 1 branch of the dungeon, and saw 6 of its levels.

You collected 212 gold pieces.

Inventory:

Armour
 a - a +0 robe (worn)
Jewellery
 h - a +4 ring of slaying (left hand)
Wands
 k - a wand of flame (9)
Scrolls
 d - 5 scrolls of identify
 e - 4 scrolls of teleportation
 g - a scroll of blinking
 l - a scroll of fog
 n - 2 scrolls of brand weapon
Potions
 b - a potion of magic {unknown}
 c - a potion of degeneration {unknown}
 f - 3 potions of heal wounds {unknown}
 i - a potion of curing {unknown}
 j - 2 potions of cancellation {unknown}
 m - a potion of brilliance {unknown}


   Skills:
 + Level 2.3 Dodging
 + Level 2.1 Stealth
 + Level 5.8 Spellcasting


You couldn't memorise any spells.
You knew the following spells:

 Your Spells              Type           Power      Damage    Failure   Level
a - Foxfire               Conj/Fire      100%       2x1d9     1%          1
b - Scorch                Fire           54%        2d8       1%          2
c - Conjure Flame         Conj/Fire      27%        6-21      3%          3
d - Inner Flame           Hex/Fire       27%        N/A       3%          3
e - Flame Wave            Conj/Fire      27%        2d9       11%         4
f - Apportation           Tloc           54%        N/A       1%          1
g - Searing Ray           Conj           54%        2d6       1%          2
h - Wereblood             Tmut           27%        N/A       1%          2
Your spell library was empty.

Dungeon Overview and Level Annotations

Branches:
Dungeon (6/15)             Temple (0/1) D:5

Altars:
Gozag
Hepliaklqana
Makhleb
Uskayaw

Shops:
D:2 =


Innate Abilities, Weirdness & Mutations

You are immune to sickness and miasma.
You are immune to poison.
Your flesh is very heat resistant. (rF++)
You are vulnerable to cold. (rC-)
You float through the air rather than walking.
You learn spells naturally, not from books.
Your magical power is your life essence.
You have superior vitality. (+4 MHP)


Message History

The phantom hits you but does no damage.
The phantom closely misses you. The shadow imp gestures at you.
You struggle to resist.
You fly downwards.
Found three items.
There is a stone staircase leading up here.
Casting: Foxfire (safe; 1% risk of failure)
Confirm with . or Enter, or press ? or * to list all spells.
Flames lash the phantom.
The phantom is heavily damaged.
The phantom's fire resistance burns away.
* * * LOW HITPOINT WARNING * * *
The phantom barely misses you.
Casting: Scorch (safe; 1% risk of failure)
Confirm with . or Enter, or press ? or * to list all spells.
Flames lash the phantom but do no damage.
* * * LOW HITPOINT WARNING * * *
The phantom closely misses you.
Casting: Scorch (safe; 1% risk of failure)
Confirm with . or Enter, or press ? or * to list all spells.
Flames lash the phantom.
The phantom is burned terribly!
The phantom is severely damaged.
* * * LOW HITPOINT WARNING * * *
The phantom closely misses you.
Casting: Scorch (safe; 1% risk of failure)
Confirm with . or Enter, or press ? or * to list all spells.
Flames lash the phantom.
The phantom is lightly damaged.
The phantom's fire resistance burns away.
* * * LOW HITPOINT WARNING * * *
The phantom barely misses you. The phantom closely misses you.
Casting: Scorch (safe; 1% risk of failure)
Confirm with . or Enter, or press ? or * to list all spells.
Flames lash the phantom.
The phantom is burned terribly!
The phantom is heavily damaged.
* * * LOW HITPOINT WARNING * * *
The phantom hits you but does no damage.
The phantom hits you.
You die...

#... #...
#..## #..?# ##
## #...##..#
#.. #........
##...#.W......
#....W@..#
##.......#
#..$..##.....
###... ...?...
##. ....##. #.
#$...# #
#....# ....#


You could see 2 phantoms.

Vanquished Creatures
  A black bear (D:4)
  A gnoll sergeant (D:4)
  An iguana (D:4)
  Terence (D:3)
  3 orc wizards (D:4)
  5 gnolls (D:4)
  6 adders
  A worm (D:2)
  3 dart slugs
  3 orcs
  8 endoplasms
  2 giant cockroaches
  2 hobgoblins
  4 kobolds
  4 quokkas
  9 ball pythons
  3 bats
  3 frilled lizards
  9 goblins
  10 rats
79 creatures vanquished.

Vanquished Creatures (others)
  220 foxfires
220 creatures vanquished.

Grand Total: 299 creatures vanquished

Notes
Turn   | Place    | Note
-------+----------+-------------------------------------------
     0 | D:1      | 101zpm the Djinni Fire Elementalist began the quest for the
                  | Orb.
     0 | D:1      | 101zpm set off with the following spells memorised:
                  | Foxfire, Scorch, Conjure Flame, Inner Flame, Flame Wave.
     0 | D:1      | Reached XP level 1. HP: 15/15 MP: 0/0
   550 | D:1      | Reached XP level 2. HP: 18/21 MP: 0/0
   953 | D:2      | Found a faded altar of an unknown god.
   959 | D:2      | Reached skill level 3 in Spellcasting
   959 | D:2      | Reached XP level 3. HP: 17/25 MP: 0/0
   959 | D:2      | Learned a level 1 spell: Apportation
  1075 | D:2      | Found a hide-covered altar of Uskayaw.
  2211 | D:2      | Found Fuiham's Jewellery Shop.
  2366 | D:2      | Reached XP level 4. HP: 24/31 MP: 0/0
  3159 | D:2      | Reached skill level 4 in Spellcasting
  3540 | D:3      | Found a hazy altar of Hepliaklqana.
  3598 | D:3      | Found an opulent altar of Gozag.
  3625 | D:3      | Found a burning altar of Makhleb.
  3664 | D:3      | Became a worshipper of Makhleb the Destroyer
  3746 | D:3      | Reached XP level 5. HP: 33/35 MP: 0/0
  3746 | D:3      | Learned a level 2 spell: Searing Ray
  4006 | D:3      | Noticed Terence
  4009 | D:3      | Killed Terence
  4371 | D:4      | Reached XP level 6. HP: 14/40 MP: 0/0
  4373 | D:4      | Reached skill level 5 in Spellcasting
  4742 | D:4      | Noticed a black bear
  4745 | D:4      | HP: 2/40 [spore (15)]
  4745 | D:4      | Killed a black bear
  5071 | D:4      | Reached XP level 7. HP: 41/45 MP: 0/0
  5071 | D:4      | Learned a level 2 spell: Wereblood
  5079 | D:4      | Reached * piety under Makhleb
  5136 | D:5      | Entered Level 5 of the Dungeon
  5136 | D:5      | Found a staircase to the Ecumenical Temple.
  5144 | D:6      | Slain by a phantom

Illustrated notes

Levels and vault maps discovered:
D:1:      lemuel_arrival_broad_hall, layout_basic, serial_shops, shop
D:2:      minmay_thinvault, layout_loops_ring, nicolae_ecumenical_pavilion,
          serial_shops, shop, basic_altar, minmay_puff
D:3:      layout_loops_ring, lemuel_doored_altar,
          mainiacjoe_overflow_large_starburst, kennysheep_decorative_pillar,
          uniq_terence
D:4:      layout_rooms, kennysheep_windowed_goal
D:5:      wad_lake_hut, layout_basic, nicolae_uskayaw_dance_hall,
          nicolae_yredelemnul_ghost_church, minmay_temple_entry_glass
D:6:      layout_cave_pools, palyth_temple_overflow_mages,
          chequers_temple_overflow_statue_of_worship, serial_shops, shop, shop,
          nicolae_stop_n_shop_1, serial_gnoll_camp, gnoll_camp_mini_sergeant,
          gnoll_camp_mini_hut, gnoll_camp_mini_doghouse, gnoll_camp_mini_house

Skill      XL: |  1  2  3  4  5  6 |
---------------+-------------------+-----
Spellcasting   | 3 4 5 |  5.8
Stealth        | 2 |  2.1
Dodging        | |  2.3

Action                   |  1- 3 |  4- 6 |  7- 9 || total
-------------------------+-------+-------+-------++-------
 Cast: Foxfire           |    89 |    48 |     9 ||   146
       Scorch            |     7 |    28 |     5 ||    40
       Inner Flame       |       |    16 |     4 ||    20
       Searing Ray       |       |     4 |       ||     4
       Wereblood         |       |       |     1 ||     1
  Use: Scroll            |       |     4 |     1 ||     5
Armor: Robe              |       |     2 |     2 ||     4
Dodge: Dodged            |    11 |     7 |     6 ||    24
